 Dungeon Crawl Stone Soup version 0.31-a0-981-geadf994542 (webtiles) character file.

Game seed: 14708232084672389031

369 Firecrotchwizard the Insei (level 6, -1/42 HPs)
             Began as an Octopode Shapeshifter on Nov 1, 2023.
             Slain by an orc
             ... wielding a +0 flail
              (6 damage)
             ... on level 3 of the Dungeon on Nov 2, 2023.
             The game lasted 00:10:36 (4464 turns).

Firecrotchwizard the Insei (Octopode Shapeshifter)  Turns: 4464, Time: 00:10:37

Health: -1/42      AC:  1    Str: 13    XL:     6   Next: 70%
Magic:  6/6        EV: 13    Int: 13    God:
Gold:   209        SH:  0    Dex: 13    Spells: 5/5 levels left

rFire   . .          .
                       - Unarmed
rCold   . . .        (no shield)
rNeg    . . .        (helmet currently unavailable)
rPois   .            (no amulet)
rElec   .            f - ring of flight
rCorr   .            (no ring)
SInv    .            (no ring)
Will    .....        (no ring)
Stlth   ++           (no ring)
HPRegen 0.27/turn    (no ring)
MPRegen 0.10/turn    (no ring)
                     (no ring)

%: no passive effects
@: beast-form, flying
A: beast (slay +2), almost no armour, amphibious, 8 rings, camouflage 1,
gelatinous body 1, (nimble swimmer 1), tentacles
a: Begin Untransformation


You were on level 3 of the Dungeon.
You were a hulking beast.
You visited 1 branch of the dungeon, and saw 3 of its levels.

You collected 209 gold pieces.

Inventory:

Missiles
 r - a throwing net {@!f}
Armour
 a - a +0 kite shield
Jewellery
 f - a ring of flight (left tentacle)
Talismans
 b - a beast talisman
 c - a flux talisman
 d - a talisman of death
Scrolls
 e - 4 scrolls of identify {unknown}
 g - 2 scrolls of blinking {unknown}
 h - 3 scrolls of teleportation {unknown}
 k - a scroll of fear {unknown}
 n - a scroll of amnesia {unknown}
 o - a scroll of poison {unknown}
 p - a scroll of fog {unknown}
 q - a scroll of noise {unknown}
 t - a scroll of enchant armour {unknown}
Potions
 i - 4 potions of curing {unknown}
 j - a potion of might {unknown}
 l - a potion of attraction {unknown}
 m - a potion of brilliance {unknown}
 s - 2 potions of berserk rage {unknown}


   Skills:
 + Level 3.2 Fighting
 - Level 2.0 Dodging
 * Level 5.5 Unarmed Combat
 + Level 4.2 Shapeshifting


You had 5 spell levels left.
You didn't know any spells.
Your spell library was empty.

Dungeon Overview and Level Annotations

Branches:
Dungeon (3/15)

Altars:


Innate Abilities, Weirdness & Mutations

You are a hulking beast.
Your limbs bulge with bestial killing power. (Slay +2)
You cannot wear most types of armour.
You are amphibious.
You can wear up to eight rings at the same time.
Your skin changes colour to match your surroundings (Stealth+).
Your rubbery body absorbs attacks. (AC +1, EV +1)
((You are camouflaged when in or above water. (Stealth+)))
You have tentacles for arms and can constrict up to eight enemies at once.


Message History

You start resting.
An orc is nearby!
Things that are here:
a +0 spear; a +0 hand axe; a +0 leather armour
Things that are here:
a +3 spectral club; a +0 robe; a +0 club The orc shouts!
You hear a shout!
The orc hits you with a +0 whip.
You barely miss the orc. Your grab misses the orc. The orc misses you.
You barely miss the orc. You grab the orc. You squeeze the orc.
You kill the orc!
Things that are here:
a +0 whip; an orc corpse The orc shouts!
A gnoll comes into view. It is wielding a +0 spear.
The gnoll closely misses you.
The gnoll shouts!
You bludgeon the gnoll! You grab the gnoll. You squeeze the gnoll.
You kill the gnoll!
You hear a shout!
Things that are here:
a +3 spectral club; a +0 robe; a +0 club
Things that are here:
a +0 spear; a +0 hand axe; a +0 leather armour
Items here: )) [[.
You see here a +0 flail.
You tentacle-slap the orc. Your grab misses the orc.
You squeeze the orc, but do no damage.
The orc is severely wounded.
The orc hits you with a +0 flail!
You closely miss the orc. Your grab misses the orc. You squeeze the orc.
You kill the orc!
You start resting.
HP restored.
There is a stone staircase leading down here.
A bat comes into view.
The bat hits you but does no damage.
You tentacle-slap the bat.
You kill the bat!
The gnoll shouts!
Key pressed, stopping explore.
A gnoll is nearby!
Found a scroll labelled MUARPH SO GEEM.
The gnoll shouts!
You tentacle-slap the gnoll. Your grab misses the gnoll.
The gnoll is lightly wounded.
The gnoll hits you with a +0 flail of protection.
You barely miss the gnoll. You grab the gnoll.
The gnoll is lightly wounded.
You constrict the gnoll.
The gnoll hits you with a +0 flail of protection!
You tentacle-slap the gnoll but do no damage.
You tentacle-slap the gnoll, but do no damage.
You squeeze the gnoll.
The gnoll is almost dead.
You constrict the gnoll, but do no damage.
The gnoll barely misses you.
You tentacle-slap the gnoll.
The gnoll is almost dead.
You constrict the gnoll, but do no damage.
You tentacle-slap the gnoll.
You kill the gnoll!
You see here a +0 flail of protection.
h - 3 scrolls labelled MUARPH SO GEEM (gained 1)
The orc shouts!
The orc shouts!
You hear a shout!
There is an open door here.
There is a broken door here.
The gnoll barely misses you.
An orc comes into view. It is wielding a +0 flail.
The gnoll hits you but does no damage.
You barely miss the gnoll. You grab the gnoll. You squeeze the gnoll.
The gnoll is moderately wounded.
You constrict the gnoll, but do no damage.
The orc hits you with a +0 dagger. The gnoll hits you with a +0 spear.
You tentacle-slap the gnoll. You squeeze the gnoll.
The gnoll is severely wounded.
You constrict the gnoll. The orc hits you with a +0 dagger.
The gnoll hits you with a +0 spear!
You bludgeon the gnoll!
You kill the gnoll!
The orc hits you with a +0 dagger.
You barely miss the orc. You grab the orc. You constrict the orc.
The orc hits you with a +0 hand axe.
* * * LOW HITPOINT WARNING * * *
The orc misses you.
You bludgeon the orc!
You kill the orc!
The orc closely misses you. The orc hits you with a +0 dagger.
* * * LOW HITPOINT WARNING * * *
You tentacle-slap the orc. Your grab misses the orc. You squeeze the orc.
The orc is severely wounded.
The orc hits you with a +0 flail!
* * * LOW HITPOINT WARNING * * *
The orc hits you with a +0 dagger.
* * * LOW HITPOINT WARNING * * *
You tentacle-slap the orc.
You kill the orc!
The orc hits you with a +0 flail.
You die...

~≈~≈≈≈≈≈≈≈≈≈≈≈≈≈≈≈≈≈≈≈≈~....#
~~~~~g~~~~~~≈~)~~#####≈≈....#
.................#.o.#≈≈....#
################'#...#≈~P.).#
.....'....#'###≈~....#
#'###..).#.#.~≈~....#
#....#.#.~≈~..P.#
##'###o#.~~~....#
#..oh).#.~~~....#
..'.'....).#.~≈~....#
##########.#.~≈~....#
.#.~≈~....# '.#.~≈≈....#
#'###≈~P...# #''''####
########...#≈~....# .........
.......#g..#≈~....# ~....~~≈~
≈~≈≈~~≈#####≈≈....#


You could see 2 orcs.

Vanquished Creatures
  A gnoll sergeant (D:3)
  A howler monkey (D:3)
  Jessica (D:3)
  Natasha (D:3)
  An orc wizard (D:2)
  9 gnolls
  An adder (D:2)
  3 worms
  2 dart slugs (D:1)
  12 orcs
  6 bats
  4 endoplasms
  3 giant cockroaches
  6 goblins
  4 hobgoblins
  13 jackals (D:3)
  4 kobolds
  A quokka (D:2)
  5 ball pythons
  A frilled lizard (D:2)
  2 rats
81 creatures vanquished.

Notes
Turn   | Place    | Note
-------+----------+-------------------------------------------
     0 | D:1      | Firecrotchwizard the Octopode Shapeshifter began the quest
                  | for the Orb.
     0 | D:1      | Reached XP level 1. HP: 13/13 MP: 1/1
   135 | D:1      | Reached XP level 2. HP: 18/18 MP: 2/2
   860 | D:2      | Reached XP level 3. HP: 16/23 MP: 3/3
  1792 | D:2      | Reached skill level 4 in Unarmed Combat
  1814 | D:3      | Reached XP level 4. HP: 29/29 MP: 4/4
  2626 | D:3      | Reached XP level 5. HP: 33/35 MP: 5/5
  2668 | D:3      | Found a faded altar of an unknown god.
  2854 | D:3      | Noticed Jessica
  2868 | D:3      | Noticed Natasha
  2976 | D:3      | Killed Natasha
  3502 | D:3      | Reached skill level 5 in Unarmed Combat
  3506 | D:3      | Reached XP level 6. HP: 35/41 MP: 6/6
  3782 | D:3      | Killed Jessica
  4464 | D:3      | Slain by an orc

Illustrated notes

Levels and vault maps discovered:
D:1:      tekkud_arrival_beachfront_property, layout_basic
D:2:      layout_basic
D:3:      lemuel_castle_with_subvaults [lemuel_castle_interior_carwin_1],
          layout_rooms, minitemple,
          hellmonk_ecumenical_altar_pennies_from_heaven, dreamdust_wishing_well,
          uniq_jessica, uniq_natasha

Skill      XL: |  1  2  3  4  5  6 |
---------------+-------------------+-----
Unarmed Combat | 4 5 |  5.5
Fighting       | 2 3 |  3.2
Shapeshifting  | 4 |  4.2
Dodging        | |  2.0

Action                     |  1- 3 |  4- 6 || total
---------------------------+-------+-------++-------
  Melee: Unarmed           |    56 |   102 ||   158
         Tentacles         |    11 |    28 ||    39
         Constrict         |    18 |    29 ||    47
         Punch             |     3 |     2 ||     5
    Use: Potion            |       |     1 ||     1
   Stab: Sleeping          |     5 |     3 ||     8
 Armour: Skin              |    21 |    53 ||    74
  Dodge: Dodged            |    31 |    50 ||    81

Table legend: (Time is in decaauts)
 A = Elapsed time spent in this place.
 B = Non-inter-level travel time spent in this place.
 C = Inter-level travel time spent in this place.
 D = Time resting spent in this place.
 E = Time spent auto-exploring this place.
 F = Levels seen in this place.
 G = Mean time per level.
                   A        B        C        D        E       F      G
               +--------+--------+--------+--------+--------+-----+--------+
         Total |   4455 |   4356 |     99 |   1956 |   1706 |   3 | 1485.0 |
       Dungeon |   4455 |   4356 |     99 |   1956 |   1706 |   3 | 1485.0 |
               +--------+--------+--------+--------+--------+-----+--------+

Top non-repeatable levels by time:
     D:3: 2306 daAuts
     D:2: 1302 daAuts
     D:1: 847 daAuts
